Cogmind - Beta 15 @@@ ROGUE MODE // 2025.08.05 @ 13:04:06 Player: C0-2MO Result: Destroyed by X-67 Chaingunner with Minigun Performance ------------- Evolutions (3) 1500 Regions Visited (9) 1800 Robots Destroyed (9) 45 Value Destroyed (130) 130 Prototype IDs (28) 560 Alien Tech Used (0) 0 Bonus (800) 800 TOTAL SCORE: 4835 Bonus ------- Entered DSFs 500 Aligned with FarCom 300 Cogmind --------- Core Integrity 0/700 Matter 283/300 Energy 100/100 System Corruption 9% Temperature Cool (0) Movement Core (50) Location -7/DSF Parts ------- > --- POWER (1) -------- (None) > --- PROPULSION (5) --- (None) > --- UTILITY (5) ------ Advanced Visual Processing Unit > --- WEAPON (2) ------- Hammer > --- INVENTORY (5) ---- Advanced Cooling System Field Lobotomy Kit (5) Plasma Cutter Axe Peak State ------------ > --- POWER ------------ Light Ion Engine > --- PROPULSION ------- Flight Unit VTOL Module VTOL Module Improved VTOL Module > --- UTILITY ---------- Cooling System Advanced Visual Processing Unit Improved Utility Shielding Light Armor Plating System Shield > --- WEAPON ----------- Autogun Scythe > --- INVENTORY -------- Flight Unit Field Lobotomy Kit Plasma Cutter Hammer [Rating: 28] Favorites ----------- Power Light Ion Engine Engine Light Ion Engine Propulsion VTOL Module Treads Light Treads Flight Unit VTOL Module Utility Seismic Detector Device Seismic Detector Processor Advanced Visual Processing Unit Hackware System Shield Protection Improved Utility Shielding Weapon Autogun Energy Gun Advanced Beam Rifle Ballistic Gun Autogun Launcher Long-range Missile Launcher Impact Weapon Hammer Slashing Weapon Scythe Build | -11 -10 -10 -10 -9 -8 -7 -7 -7 -7 ------- Run | Yrd Mat Min Exi Min Mat Fac Was Fac DSF Slots Evolved 6 | . . . . . 4 2 . . . Power . | . . . . . . . . . . Propulsion 3 | . . . . . 2 1 . . . Utility 3 | . . . . . 2 1 . . . Weapon . | . . . . . . . . . . Parts Attached 30 | 5 7 1 2 . 11 1 . . 3 Power 2 | . . . 1 . 1 . . . . Engine 2 | . . . 1 . 1 . . . . Core . | . . . . . . . . . . Reactor . | . . . . . . . . . . Propulsion 12 | 2 4 . 1 . 4 . . . 1 Treads 3 | 2 1 . . . . . . . . Leg . | . . . . . . . . . . Wheel . | . . . . . . . . . . Hover . | . . . . . . . . . . Flight 9 | . 3 . 1 . 4 . . . 1 Utility 8 | 1 . 1 . . 4 1 . . 1 Device 4 | 1 . 1 . . 1 . . . 1 Storage . | . . . . . . . . . . Processor 1 | . . . . . 1 . . . . Hackware 1 | . . . . . . 1 . . . Protection 2 | . . . . . 2 . . . . Artifact . | . . . . . . . . . . Weapon 8 | 2 3 . . . 2 . . . 1 Energy Gun 1 | . . . . . 1 . . . . Energy Cannon . | . . . . . . . . . . Ballistic Gun 4 | 2 2 . . . . . . . . Ballistic Cannon . | . . . . . . . . . . Launcher 1 | . . . . . . . . . 1 Special Weapon . | . . . . . . . . . . Impact Weapon 1 | . 1 . . . . . . . . Slashing Weapon 1 | . . . . . 1 . . . . Piercing Weapon . | . . . . . . . . . . Special Melee Weapon . | . . . . . . . . . . Unidentified Prototypes 5 | . . 1 . . 3 . . . 1 Parts Lost 14 | . 2 . . . 1 2 . . 9 Power 1 | . . . . . . 1 . . . Propulsion 7 | . 1 . . . 1 1 . . 4 Utility 4 | . . . . . . . . . 4 Weapon 2 | . 1 . . . . . . . 1 Highest Loss Streak 8 | . 1 . . . 1 2 . . 8 To Critical Strikes . | . . . . . . . . . . Average Backups 3 | 1 4 5 5 5 3 3 3 5 4 Power . | . 1 1 . . . . . . . Propulsion 1 | . 2 3 2 2 . . . . . Utility . | . . . . 1 . . . 2 1 Weapon . | . . 1 1 1 . 1 1 1 . Tool/Special . | . . . . . . . . . . Unused Backups 4 | . 1 . . . . . . . 3 Power . | . . . . . . . . . . Propulsion . | . . . . . . . . . . Utility 2 | . 1 . . . . . . . 1 Weapon . | . . . . . . . . . . Tool/Special 2 | . . . . . . . . . 2 Average Slot Usage (%) 70 | . 66 73 72 57 89 88 84 84 35 Engine 3 | . . . 6 14 9 6 . . . Treads 3 | . 7 . . . . . . . . Flight 24 | . 20 28 28 28 35 30 30 30 14 Device 10 | . 14 16 15 . 7 7 7 7 1 Processor 2 | . . . . . 7 7 7 7 7 Protection 4 | . . . . . 14 15 15 15 2 Ballistic Gun 11 | . 17 14 7 . 5 7 7 7 1 Impact Weapon 6 | . 6 14 14 14 8 . . . 3 Slashing Weapon 1 | . . . . . . 7 7 7 1 Peak Build Rating 28 | 5 9 17 18 8 25 28 27 27 28 Average Rating 11 | 3 6 9 12 8 20 27 26 27 13 On Entrance 15 | . 5 8 17 8 8 25 26 27 27 Naked Turns . | . . . . . . . . . . Heaviest Build 15 | 3 7 7 7 5 15 15 12 12 12 Greatest Support 17 | 3 8 8 8 8 17 17 17 17 17 Greatest Overweight (x) 1 | . 1 . . . 1 . . . . Average Overweight (x) . | . . . . . . . . . . Largest Inventory Capacity 5 | 5 5 5 5 5 5 5 5 5 5 Average Capacity 5 | 5 5 5 5 5 5 5 5 5 5 Most Carried 5 | 2 5 5 5 5 5 4 5 5 5 Average Carried 3 | 1 4 5 4 5 3 3 3 5 3 Final Capacity 5 | 5 5 5 5 5 5 5 5 5 5 Final Carried 5 | 2 5 5 5 5 4 3 5 5 4 Class Distribution -------------------- 77% | Sprinter 22% | Mutant Dominant Class ---------------- Sprinter | -10/Materials Sprinter | -10/Mines Sprinter | -10/Exiles Sprinter | -9/Mines Sprinter | -8/Materials Sprinter | -7/Factory Sprinter | -7/Waste Sprinter | -7/Factory Sprinter | -7/DSF Resources | -11 -10 -10 -10 -9 -8 -7 -7 -7 -7 ----------- Run | Yrd Mat Min Exi Min Mat Fac Was Fac DSF Matter Collected 562 | 274 . . 120 . 38 . . . 130 Remotely . | . . . . . . . . . . Salvage Created 240 | 116 . . . . 38 . . . 86 Parts 17 | 8 . . . . . . . . 9 Haulers Intercepted . | . . . . . . . . . . Recyclers Shooed 1 | 1 . . . . . . . . . Parts Field Recycled . | . . . . . . . . . . Retrieved Matter . | . . . . . . . . . . Parts Self-Destructed . | . . . . . . . . . . Prevented . | . . . . . . . . . . Kills | -11 -10 -10 -10 -9 -8 -7 -7 -7 -7 ------- Run | Yrd Mat Min Exi Min Mat Fac Was Fac DSF Combat Hostiles Destroyed 4 | . . . . . . . . . 4 Melee 1 | . . . . . . . . . 1 AOE 3 | . . . . . . . . . 3 Classes Destroyed 4 | 2 . . . . 1 . . . 1 Tunneler 3 | 3 . . . . . . . . . Recycler 1 | 1 . . . . . . . . . Watcher 1 | . . . . . 1 . . . . Cutter 4 | . . . . . . . . . 4 Best Kill Streak 3 | 2 . . . . 1 . . . 3 Combat Bots Only 3 | . . . . . . . . . 3 Max Kills in Single Turn 2 | 1 . . . . 1 . . . 2 Gunslinging . | . . . . . . . . . . Exploded 2 | . . . . . . . . . 2 Melee 1 | . . . . . . . . . 1 Uniques/NPCs Destroyed . | . . . . . . . . . . Combat | -11 -10 -10 -10 -9 -8 -7 -7 -7 -7 -------- Run | Yrd Mat Min Exi Min Mat Fac Was Fac DSF Hostile Shots Fired 188 | . 51 2 . . 19 51 . . 65 Missed 86 | . 16 2 . . 9 32 . . 27 Hits 102 | . 35 . . . 10 19 . . 38 Melee 7 | . . . . . 1 . . . 6 Projectile 95 | . 35 . . . 9 19 . . 32 AOE 5 | . . . . . . . . . 5 Critical Strikes 4 | . 1 . . . 1 . . . 2 Damage Taken 1881 | . 489 . . . 164 139 . . 1089 Core 873 | . 138 . . . 32 23 . . 680 Absorbed by Shields . | . . . . . . . . . . Redirected to Shielding 124 | . . . . . 9 3 . . 112 Core Remaining (%) 79 | 100 . . . 44 94 . . . . Volleys Fired 31 | 12 17 . . . . . . . 2 Largest 2 | 2 2 . . . . . . . 1 Hottest 43 | 40 40 . . . . . . . 43 Shots Fired 60 | 24 34 . . . . . . . 2 Gun 58 | 24 34 . . . . . . . . Cannon . | . . . . . . . . . . Launcher 2 | . . . . . . . . . 2 Special . | . . . . . . . . . . Kinetic 58 | 24 34 . . . . . . . . Thermal . | . . . . . . . . . . Explosive 2 | . . . . . . . . . 2 Electromagnetic . | . . . . . . . . . . Robot Hit Streak 11 | 7 9 . . . . . . . 11 Robot Miss Streak 2 | 1 2 . . . . . . . . Penetration Max . | . . . . . . . . . . Secondary Targets . | . . . . . . . . . . Shots Hit Robots 48 | 16 25 . . . 1 . . . 6 Core Hits 16 | 7 4 . . . . . . . 5 Critical Kills . | . . . . . . . . . . Critical Parts Destroyed . | . . . . . . . . . . Critical Strikes . | . . . . . . . . . . Melee Attacks 32 | . 1 6 . . 12 . . . 13 Impact 30 | . 1 6 . . 10 . . . 13 Slashing 2 | . . . . . 2 . . . . Piercing . | . . . . . . . . . . Sneak Attacks 1 | . . . . . 1 . . . . Combat Hostiles . | . . . . . . . . . . Follow-up Attacks . | . . . . . . . . . . Damage Inflicted 836 | 127 201 . . . 76 . . . 432 Guns 328 | 127 201 . . . . . . . . Cannons . | . . . . . . . . . . Explosions 323 | . . . . . . . . . 323 Melee 185 | . . . . . 76 . . . 109 Ramming . | . . . . . . . . . . Kinetic 328 | 127 201 . . . . . . . . Thermal . | . . . . . . . . . . Explosive 323 | . . . . . . . . . 323 Electromagnetic . | . . . . . . . . . . Impact 185 | . . . . . 76 . . . 109 Slashing . | . . . . . . . . . . Piercing . | . . . . . . . . . . Highest Corruption 9 | . . . . . . . 9 9 9 Average Corruption 9 | . . . . . . . 9 9 9 Corruption Purged . | . . . . . . . . . . Corruption Blocked . | . . . . . . . . . . Effects 5 | . . . . . . . 1 . 4 Matter Fused 2 | . . . . . . . 1 . 1 Heat Flow Errors 1 | . . . . . . . . . 1 Energy Discharges 2 | . . . . . . . . . 2 Overload Shots . | . . . . . . . . . . Overflow Damage 65 | . . . . . 41 . . . 24 Projectiles . | . . . . . . . . . . Explosions . | . . . . . . . . . . Melee 65 | . . . . . 41 . . . 24 Knockbacks 2 | . . . . . 2 . . . . Impact 1 | . . . . . 1 . . . . Kinetic . | . . . . . . . . . . Secondary 1 | . . . . . 1 . . . . Self-Inflicted Damage 43 | . . . . . . . . . 43 Shots 1 | . . . . . . . . . 1 Rammed 1 | . 1 . . . . . . . . Targets Rammed 1 | . 1 . . . . . . . . Kicked . | . . . . . . . . . . Crushed . | . . . . . . . . . . Highest Temperature 209 | . 27 . . . 209 2 . . 158 Average Temperature 50 | . 8 . . . 66 2 . . 81 Received Heat Transfer 450 | . 297 . . . 90 36 . . 27 Siege Activations . | . . . . . . . . . . Martial Activations . | . . . . . . . . . . Shielding Activations . | . . . . . . . . . . Robots Disrupted . | . . . . . . . . . . Combat Hostiles . | . . . . . . . . . . Robots Corrupted 1 | . . . . . 1 . . . . Combat Hostiles . | . . . . . . . . . . Parts Fried 2 | . . . . . 2 . . . . Impact Corruptions 4 | . . . . . 2 . . . 2 Robots Melted . | . . . . . . . . . . Combat Hostiles . | . . . . . . . . . . Parts Melted . | . . . . . . . . . . Heat Transferred . | . . . . . . . . . . Parts Sabotaged . | . . . . . . . . . . Parts Stolen . | . . . . . . . . . . Parts Stripped . | . . . . . . . . . . Power Chain Reactions . | . . . . . . . . . . Alert | -11 -10 -10 -10 -9 -8 -7 -7 -7 -7 ------- Run | Yrd Mat Min Exi Min Mat Fac Was Fac DSF Maximum Alert Level 1 | . 1 . . . 1 . . . . Low Security (%) 96 | 100 96 100 . 100 89 100 100 100 100 Level 1 3 | . 3 . . . 10 . . . . Level 2 . | . . . . . . . . . . Level 3 . | . . . . . . . . . . Level 4 . | . . . . . . . . . . Level 5 . | . . . . . . . . . . High Security . | . . . . . . . . . . Max Security . | . . . . . . . . . . Peak Influence 223 | 10 209 65 . . 223 96 27 11 79 Initial 96 | . 3 43 . . . 96 12 11 7 Average 75 | 2 105 50 . . 62 76 16 11 45 Influence Increases 924 | 20 385 32 . . 323 . 15 . 149 Destroy 0b10 Robot/C 80 | . . . . . . . . . 80 Destroy 0b10 Robot/NC 30 | 20 . . . . 5 . . . 5 Destroy Leader 12 | . . . . . 2 . . . 10 Successful Hack 48 | . 39 . . . 9 . . . . Select Force Hacks 30 | . 30 . . . . . . . . Disable Machine 15 | . . . . . 15 . . . . Destroy Structure 34 | . 1 2 . . 7 . . . 24 Partial Spotted 45 | . 15 . . . 15 . 15 . . Lose Combat Pursuer 630 | . 300 30 . . 270 . . . 30 Influence Decreases 845 | 15 277 100 45 . 110 177 34 6 81 Entered New Map 268 | . 2 70 45 . . 117 24 6 4 Time Decay 460 | 15 265 30 . . 100 40 10 . . Lost Part 117 | . 10 . . . 10 20 . . 77 Squads Dispatched 9 | . 3 . . . 2 1 . . 3 Investigation 4 | . 2 . . . 1 1 . . . Extermination . | . . . . . . . . . . Reinforcement 5 | . 1 . . . 1 . . . 3 Assault . | . . . . . . . . . . Garrison . | . . . . . . . . . . Intercept . | . . . . . . . . . . Searches Triggered . | . . . . . . . . . . Construction Impeded . | . . . . . . . . . . Haulers Reinforced . | . . . . . . . . . . Active Scanning Responses . | . . . . . . . . . . Cargo Convoy Interrupts . | . . . . . . . . . . Stealth | -11 -10 -10 -10 -9 -8 -7 -7 -7 -7 --------- Run | Yrd Mat Min Exi Min Mat Fac Was Fac DSF Distress Signals 3 | . 1 . . . 2 . . . . Communications Jammed . | . . . . . . . . . . Distress Signals . | . . . . . . . . . . Times Spotted 68 | . 23 2 . . 19 3 5 . 16 Peak Tracking Total 11 | . 6 2 . . 11 3 5 . 9 Tactical Retreats 15 | . 7 1 . . 5 . . . 2 Traps | -11 -10 -10 -10 -9 -8 -7 -7 -7 -7 ------- Run | Yrd Mat Min Exi Min Mat Fac Was Fac DSF Traps Triggered 3 | . 1 . . . . 2 . . . Indirectly . | . . . . . . . . . . Trap Hack Attempts . | . . . . . . . . . . Triggered . | . . . . . . . . . . Disarmed . | . . . . . . . . . . Reprogrammed . | . . . . . . . . . . Reused . | . . . . . . . . . . Traps Extracted . | . . . . . . . . . . Installed . | . . . . . . . . . . Triggered . | . . . . . . . . . . Machines | -11 -10 -10 -10 -9 -8 -7 -7 -7 -7 ---------- Run | Yrd Mat Min Exi Min Mat Fac Was Fac DSF Machines Disabled 1 | . . . . . 1 . . . . Max in Single Turn 1 | . . . . . 1 . . . . Machines Repaired . | . . . . . . . . . . Machines Dismantled . | . . . . . . . . . . Machines Sabotaged . | . . . . . . . . . . Overloaded Fab Kills . | . . . . . . . . . . Hacking | -11 -10 -10 -10 -9 -8 -7 -7 -7 -7 --------- Run | Yrd Mat Min Exi Min Mat Fac Was Fac DSF Machines Accessed 17 | . 8 . 2 . 5 1 . 1 . Terminals 12 | . 7 . . . 4 . . 1 . Fabricators . | . . . . . . . . . . Repair Stations . | . . . . . . . . . . Recycling Units 1 | . 1 . . . . . . . . Scanalyzers 1 | . . . . . 1 . . . . Garrison Access 1 | . . . . . . 1 . . . Total Hacks 44 | . 24 . 2 . 14 2 . 2 . Successful 24 | . 16 . 2 . 5 . . 1 . Failed 20 | . 8 . . . 9 2 . 1 . Catastrophic 1 | . . . . . . 1 . . . Database Lockouts . | . . . . . . . . . . Manual 33 | . 21 . 1 . 11 . . . . Terminals 36 | . 23 . . . 11 . . 2 . Fabricators . | . . . . . . . . . . Repair Stations . | . . . . . . . . . . Recycling Units 1 | . 1 . . . . . . . . Scanalyzers 3 | . . . . . 3 . . . . Garrison Access 2 | . . . . . . 2 . . . Terminal Hacks 10 | . 7 . 2 . . . . 1 . Record 1 | . . . 1 . . . . . . Robot Analysis 3 | . 3 . . . . . . . . Open DSF 1 | . . . . . . . . 1 . Terminal Index 1 | . 1 . . . . . . . . Zone Layout 3 | . 3 . . . . . . . . Proto ID Catalog 1 | . . . 1 . . . . . . Fabricator Hacks . | . . . . . . . . . . Repair Station Hacks . | . . . . . . . . . . Recycling Unit Hacks . | . . . . . . . . . . Scanalyzer 1 | . . . . . 1 . . . . Insert Component 1 | . . . . . 1 . . . . Garrison Access Hacks . | . . . . . . . . . . Unauthorized Hacks 13 | . 9 . . . 4 . . . . Terminals 12 | . 8 . . . 4 . . . . Botnet 4 | . 3 . . . 1 . . . . Skim 8 | . 5 . . . 3 . . . . Fabricators . | . . . . . . . . . . Repair Stations . | . . . . . . . . . . Recycling Units 1 | . 1 . . . . . . . . Tunnel 1 | . 1 . . . . . . . . Scanalyzers . | . . . . . . . . . . Garrison Access . | . . . . . . . . . . Data Cores Recovered . | . . . . . . . . . . Used . | . . . . . . . . . . Hacking Detections 13 | . 7 . . . 5 1 . . . Full Trace Events 1 | . . . . . 1 . . . . Feedback Events . | . . . . . . . . . . Feedback Blocked . | . . . . . . . . . . Robot Schematics Acquired . | . . . . . . . . . . Robots Built . | . . . . . . . . . . Authchips . | . . . . . . . . . . Time . | . . . . . . . . . . Total Robot Build Rating . | . . . . . . . . . . Part Schematics Acquired . | . . . . . . . . . . Parts Built . | . . . . . . . . . . Authchips . | . . . . . . . . . . Time . | . . . . . . . . . . Total Part Build Rating . | . . . . . . . . . . Parts Repaired . | . . . . . . . . . . Time . | . . . . . . . . . . Parts Recycled . | . . . . . . . . . . Recycled Matter . | . . . . . . . . . . Retrieved Matter . | . . . . . . . . . . Retrieved Components . | . . . . . . . . . . Parts Scanalyzed 1 | . . . . . 1 . . . . Part Schematics Acquired . | . . . . . . . . . . Parts Damaged 1 | . . . . . 1 . . . . Bothacking | -11 -10 -10 -10 -9 -8 -7 -7 -7 -7 ------------ Run | Yrd Mat Min Exi Min Mat Fac Was Fac DSF Used RIF Installer . | . . . . . . . . . . Robots Hacked . | . . . . . . . . . . Non-combat . | . . . . . . . . . . Combat . | . . . . . . . . . . Robot Hacks Applied . | . . . . . . . . . . Relay Couplers Released . | . . . . . . . . . . Fabnet Peak Effective % . | . . . . . . . . . . Robots Rewired . | . . . . . . . . . . Allies Hacked . | . . . . . . . . . . Hacks Repelled . | . . . . . . . . . . Allies | -11 -10 -10 -10 -9 -8 -7 -7 -7 -7 -------- Run | Yrd Mat Min Exi Min Mat Fac Was Fac DSF Total Allies . | . . . . . . . . . . Largest Group . | . . . . . . . . . . Highest-Rated Group . | . . . . . . . . . . Highest-Rated Ally . | . . . . . . . . . . Total Orders . | . . . . . . . . . . Ally Attacks . | . . . . . . . . . . Total Damage . | . . . . . . . . . . Kills . | . . . . . . . . . . Allies Corrupted . | . . . . . . . . . . Allies Melted . | . . . . . . . . . . Intel | -11 -10 -10 -10 -9 -8 -7 -7 -7 -7 ------- Run | Yrd Mat Min Exi Min Mat Fac Was Fac DSF Active Infowar (turns) 1151 | 4 630 66 41 . 201 82 24 2 101 Optics 410 | . . . . . 201 82 24 2 101 Sensors 1 | . . 1 . . . . . . . Seismic 741 | 4 630 66 41 . . . . . . Robot Analysis Total 3 | . 3 . . . . . . . . Derelict Logs Recovered 1 | . . . . 1 . . . . . Drone Launches . | . . . . . . . . . . Drone Recoveries . | . . . . . . . . . . Exploration | -11 -10 -10 -10 -9 -8 -7 -7 -7 -7 ------------- Run | Yrd Mat Min Exi Min Mat Fac Was Fac DSF Turns Passed 1352 | 91 630 66 79 51 226 82 24 2 101 Spaces Moved 2032 | 79 515 148 232 158 519 167 78 6 130 Core 265 | 79 182 . . . . . . . 4 Treads . | . . . . . . . . . . Legs . | . . . . . . . . . . Wheels . | . . . . . . . . . . Hover . | . . . . . . . . . . Flight 1767 | . 333 148 232 158 519 167 78 6 126 Fastest Speed 27 | 50 32 32 32 32 27 27 28 28 28 Average Speed 33 | 50 38 32 32 32 28 27 28 28 31 Slowest Speed 115 | 50 115 32 32 32 106 28 28 28 50 Overloaded Moves 4 | . . . . . . . . . 4 Propulsion Burnouts . | . . . . . . . . . . Robots Hopped 28 | . 7 2 . . 3 10 2 . 4 Potential Cave-ins . | . . . . . . . . . . Cave-ins Triggered . | . . . . . . . . . . Exploration Rate (%) 45 | 3 79 48 60 45 49 8 69 1 94 Regions Visited 9 Branch Regions 3 Pre-discovered Areas 3 | . 2 . 1 . . . . . . Known Exits Taken 1 | . . . . . . . . 1 . Unknown Exits Taken 6 | 1 1 1 1 1 1 . . . . Scrap Searched 1 | . . . . 1 . . . . . Spaces Dug 13 | . 1 3 . . 7 . . . 2 Terrain Destroyed 35 | . 1 3 . . 7 . . . 24 Melee 13 | . 1 3 . . 7 . . . 2 Projectile . | . . . . . . . . . . AOE 22 | . . . . . . . . . 22 Terrain Rammed . | . . . . . . . . . . Walls Destroyed . | . . . . . . . . . . Machines Disabled . | . . . . . . . . . . Actions | -11 -10 -10 -10 -9 -8 -7 -7 -7 -7 --------- Run | Yrd Mat Min Exi Min Mat Fac Was Fac DSF Total 2566 | 108 906 152 238 157 568 193 77 5 162 Wait 441 | 11 365 . . . 21 31 . . 13 Move 1973 | 78 500 143 231 157 512 151 74 5 122 Hop 23 | . 7 2 . . 3 6 1 . 4 Pick Up 14 | 2 5 . 1 . 3 . 2 . 1 Fast Attach 16 | 5 1 1 . . 6 1 . . 2 Attach 10 | . 1 . 2 . 4 1 . . 2 Detach 1 | . . . 1 . . . . . . Swap 9 | . 5 . . . 4 . . . . Drop 12 | . 3 . 3 . 3 . . . 3 Fire 31 | 12 17 . . . . . . . 2 Melee 32 | . 1 6 . . 12 . . . 13 Ram . | . . . . . . . . . . Kick . | . . . . . . . . . . Crush 1 | . 1 . . . . . . . . Escape Stasis . | . . . . . . . . . . Rewire 3 | . . . . . . 3 . . . Trap . | . . . . . . . . . . Miscellaneous . | . . . . . . . . . . Route ------- -11/Scrapyard -10/Materials (discovered 5 exits: [*Mat x3] / [*Min] / Sub) -10/Mines -10/Exiles -9/Mines -8/Materials (discovered 2 exits: *Fac x2) -7/Factory -7/Waste -7/Factory -7/DSF (discovered 1 exit: [*Fac]) History --------- Turn | Location | Event 7 | -11/Scrapyard | Discovered new exit (range 14) 92 | -11/Scrapyard | Entered Materials 254 | -10/Materials | Discovered new exit (range 16) 349 | -10/Materials | Core integrity fell below 50% 357 | -10/Materials | Discovered new exit (range 14) 382 | -10/Materials | Discovered new exit (range 7) 413 | -10/Materials | Discovered new exit (range 5) 430 | -10/Materials | Loaded intel: 8 terminal locations 483 | -10/Materials | Learned location of 1 exit from Storage 527 | -10/Materials | Identified exit to Subcaves 586 | -10/Materials | Learned location of Mines (-9) 600 | -10/Materials | Learned 2 Storage zone layouts 622 | -10/Materials | Learned location of 2 exits from Subcaves 654 | -10/Materials | Learned 4 Subcaves zone layouts 672 | -10/Materials | Build established: Sprinter 697 | -10/Materials | Learned 2 Mines zone layouts 722 | -10/Materials | Entered Mines 774 | -10/Mines | Found a damaged Exp. Sensor Array with a note attached 775 | -10/Mines | Found Prototype Device 775 | -10/Mines | Identified Exp. Sensor Array 785 | -10/Mines | Deemed a non-threat by the Exiles lab entrance 785 | -10/Mines | Discovered new exit (range 5) 788 | -10/Mines | Entered Exiles 796 | -10/Exiles | Met 8R-AWN 802 | -10/Exiles | Met EX-HEX 811 | -10/Exiles | Met EX-BIN 815 | -10/Exiles | Aligned with FarCom system 815 | -10/Exiles | Given EX-Vault access code 822 | -10/Exiles | Opened EX-Vault 826 | -10/Exiles | Found Field Lobotomy Kit 836 | -10/Exiles | Warned to stay clear of 0b10 Research branches 846 | -10/Exiles | Met EX-DEC 847 | -10/Exiles | Learned location of Zion (-6) 865 | -10/Exiles | Discovered new exit (range 11) 867 | -10/Exiles | Left Exiles lab with Field Lobotomy Kit 867 | -10/Exiles | Entered Mines 909 | -9/Mines | Discovered new exit (range 6) 918 | -9/Mines | Entered Materials 918 | -8/Materials | Evolved 4 slots: Propulsion x2, Utility x2 976 | -8/Materials | Discovered new exit (range 16) 1123 | -8/Materials | Discovered new exit (range 6) 1144 | -8/Materials | Entered Factory 1144 | -7/Factory | Evolved 2 slots: Propulsion x1, Utility x1 1209 | -7/Factory | Discovered new exit (range 18) 1226 | -7/Factory | Manually triggered Chute Trap 1226 | -7/Factory | Sucked down chute 1226 | -7/Factory | Entered Waste 1228 | -7/Waste | Spotted C-40 Crusher 1232 | -7/Waste | Spotted C-40 Crusher 1237 | -7/Waste | Spotted C-40 Crusher 1239 | -7/Waste | Spotted C-40 Crusher 1240 | -7/Waste | Spotted C-40 Crusher 1241 | -7/Waste | EMP discharged 1243 | -7/Waste | Spotted C-40 Crusher 1245 | -7/Waste | Discovered new exit (range 10) 1250 | -7/Waste | Entered Factory 1252 | -7/Factory | Identified exit to DSF 1252 | -7/Factory | Entered DSF 1257 | -7/DSF | Discovered new exit (range 19) 1273 | -7/DSF | Additional patrols routed to DSF 1304 | -7/DSF | Lost 8 parts (3n4u1w) 1337 | -7/DSF | Core integrity fell below 50% 1349 | -7/DSF | Core integrity fell below 20% 1353 | -7/DSF | Destroyed by X-67 Chaingunner with Minigun Last Messages --------------- 01328_ Knocked back. 01330_ C-17 Slicer destroyed. 01330_ C-17 Slicer knocked back. 01330_ Knocked back. 01333_ Destroyed Blade Saw. 01333_ C-17 Slicer system corrupted by crushing effect. 01333_ C-30 ARC bursts open, deploying its payload. 01333_ S-27 Virus unfolds itself. 01336_ C-17 Slicer destroyed. 01336_ Imp. VTOL Module severed. 01339_ Acquired 22 matter. 01341_ System corrupted: Matter fused (-9). 01345_ Acquired 102 matter. 01346_ Matter Repository disabled. 01346_ Acquired 6 matter. 01352_ Destroyed VTOL Module. 01352_ S-27 Virus system corrupted by crushing effect. Map ----- +----------------------------------------------------+ | | | | | | | | | | | | | | | | | | | | | | | | | | | | | | | | | | | ?????????????????????????????????? | | ?????????????????????????????????? | | ?????????????????????????????????? | | ?????????###?????????????????????? | | ?????????""#?????????????????????? | | ?????????#"#?????????????????????? | | ??????####"##?????????#######????? | | ??????#"""""#########? %%%!!#????? | | ??????#""@""## #///# %%%!!#????? | | ???#"##""scss #????? | | ???#""""" = = #????? | | ???####"% ##//# ### #??????? | | ??????### /###//#?? ### ###????? | | ???????## ####+#???# ?????? | | ???????# x /#??????? ?????? | | ???????# /#???????? ??????? | | ???????## g###??????### ###????? | | ???????#/ /#??????#!! !!#????? | | ???????# /#??????#!! !#????? | | ???????# %g /#??????#!! !###### | | ??????### ############ ### ## | | ??????# ! ## #!!!## ]]]% | | ??????# ## #!!!# *] ] | | ??????# % %] [ % | | ??????# * ! / | | ??????# = | | ??????#== ## "]]]# %! %# % #] | | ??????#== ## #]]]# * ## ] | | ??????### ##"######### "####### | | ???????#[ ]]##?????#!! !!?????? | | ???????#[ ]]#??????#!! !!#????? | | ???????#[ ]]##?????#!! !!#????? | | ???????## ##"#?????### ###????? | +----------------------------------------------------+ Best States ------------- Heat Dissipation 53 Energy Generation 10 Energy Capacity 125 Matter Stores 300 Matter Capacity 300 Sight Range 20 Terrain Scan Density 10 Armor Coverage 150 Utility Shielding 66 Evasion (%) 64 Defensive Hacking 10 Item Schematics ----------------- None Robot Schematics ------------------ None Fabricated ------------ Nothing Repaired ---------- Nothing Alien Tech Used ----------------- None Achievements -------------- None Challenges ------------ None Game ------ Seed InterceptPrecisionPlatform Manual? 0 Play Time 00:24:09 Cumulative 412.4 hours Start 2025.08.05 @ 12:27:37 End 2025.08.05 @ 13:04:06 Sessions 1 Manual Loads 0 Difficulty Rogue Special Mode None Game No. 189 Rogue 189 Adventurer 0 Explorer 0 Win Type - Total 29 Types 12/2/5/2/5/1/0/1/0/1 Lore% 93 Gallery% 83 Achievement% 78 Wizard Run 0 Options --------- Layout 1 ASCII 0 Keyboard 0 Movement Numpad Keybinds 0 Fullscreen 1 Font 24/Smallcaps Map View 50x35 Zoom Use 0% Tactical HUD 1 Map Filters NONE Filters NONE Steam 1 RUN: 4abeaf05-c2f4-494f-8820-455b01d344f7